 Dungeon Crawl Stone Soup version 0.29.1-1-gd02db6906a (webtiles) character file.

Game seed: 12166355972701413855

35 quakins the Chopper (level 3, -1/31 HPs)
             Began as a Minotaur Berserker on Oct 2, 2022.
             Was a Follower of Trog.
             Slain by an adder (3 damage)
             ... on level 2 of the Dungeon.
             The game lasted 00:01:41 (1682 turns).

quakins the Chopper (Minotaur Berserker)            Turns: 1682, Time: 00:01:41

Health: -1/31      AC:  3    Str: 23    XL:     3   Next: 16%
Magic:  2/2        EV: 11    Int:  4    God:    Trog [*.....]
Gold:   51         SH:  0    Dex:  9    Spells: 2/2 levels left

rFire   . . .      SeeInvis .   a - +0 hand axe
rCold   . . .      Faith    .   (no shield)
rNeg    . . .      Spirit   .   i - +0 leather armour
rPois   .          Reflect  .   (helmet restricted)
rElec   .          Harm     .   (no cloak)
rCorr   .          Rampage  .   (no gloves)
Will    .....                   (no boots)
Stlth   +.........              (no amulet)
HPRegen 0.10/turn               (no ring)
MPRegen 0.08/turn               (no ring)

@: lethally poisoned (-1 -> -6)
A: horns 2, retaliatory headbutt
a: Renounce Religion, Berserk


You were on level 2 of the Dungeon.
You worshipped Trog.
Trog was aware of your devotion.
You visited 1 branch of the dungeon, and saw 2 of its levels.

You collected 51 gold pieces.

Inventory:

Hand Weapons
 a - a +0 hand axe (weapon)
Armour
 i - a +0 leather armour (worn)
Potions
 c - a potion of magic {unknown}
 d - a potion of curing {unknown}
 f - a potion of attraction {unknown}
 g - a potion of haste {unknown}
 h - a potion of mutation {unknown}


   Skills:
 - Level 3.6 Fighting
 + Level 5.2 Axes
 - Level 2.4 Armour
 - Level 2.1 Dodging


You had 2 spell levels left.
You didn't know any spells.
Your spell library was empty.

Dungeon Overview and Level Annotations

Branches:
Dungeon (2/15)

Altars:


Innate Abilities, Weirdness & Mutations

You have a pair of horns on your head.
You reflexively headbutt those who attack you in melee.


Message History

You hit the adder.
You feel sick. The adder bites you. The adder bites you but does no damage.
You closely miss the adder. Your headbutt misses the adder.
The adder is heavily wounded.
You miss the adder.
You feel sick. The adder bites you but does no damage.
The adder barely misses you.
You hit the adder.
You kill the adder!
Trog accepts your kill.
You closely miss the adder.
You feel sick. The adder misses you. The adder bites you.
You have reached level 3!
Your experience leads to an increase in your attributes!
Increase (S)trength, (I)ntelligence, or (D)exterity?
You feel stronger. x2
You closely miss the adder. Your headbutt misses the adder.
The adder is heavily wounded.
You feel sick.
You are no longer poisoned.
The adder bites you.
You closely miss the adder.
The adder is heavily wounded.
The adder bites you.
You are poisoned.
The adder poisons you!
You hit the adder. Your punch misses the adder.
The adder is almost dead.
You feel sick. The adder barely misses you. The adder bites you.
* * * LOW HITPOINT WARNING * * *
You are lethally poisoned!
The adder poisons you!
You barely miss the adder. Your headbutt misses the adder.
The adder is almost dead.
* * * LOW HITPOINT WARNING * * *
You feel sick. The adder bites you but does no damage.
You barely miss the adder.
The adder is almost dead.
* * * LOW HITPOINT WARNING * * *
You feel sick. The adder bites you.
You die...

#......# ##......#
#.......#### ..
#..........## #..# .#
#........$..# ...#..#
............# .#.#..#
....!.!.....# .......
#.....S@....###.......
#.....................
#..#..##......<.......
. #.. #........#.####
#. #........# ..
#........# .#
#........# #=
##########


You could see an adder.

Vanquished Creatures
  An adder (D:2)
  A worm (D:2)
  2 ball pythons
  An endoplasm (D:1)
  3 goblins (D:1)
  2 hobgoblins (D:1)
  3 jackals (D:1)
  3 quokkas (D:1)
  2 kobolds
  A rat (D:1)
19 creatures vanquished.

Notes
Turn   | Place    | Note
-------+----------+-------------------------------------------
     0 | D:1      | quakins the Minotaur Berserker began the quest for the Orb.
     0 | D:1      | Reached XP level 1. HP: 19/19 MP: 0/0
    31 | D:1      | Found a faded altar of an unknown god.
   321 | D:1      | Reached skill level 4 in Axes
   562 | D:1      | Reached XP level 2. HP: 26/26 MP: 1/1
  1665 | D:2      | Reached skill level 5 in Axes
  1678 | D:2      | Reached XP level 3. HP: 16/31 MP: 2/2
  1682 | D:2      | Slain by an adder

Illustrated notes

Levels and vault maps discovered:
D:1:      wander_arrival_abandoned_jail, layout_basic,
          ebering_ecumenical_altar_ruins
D:2:      layout_rooms, chequers_serial_rivers_small_3,
          small_statue_intersection, minmay_misc_feat_columns

Skill      XL: |  1  2 |
---------------+-------+-----
Axes           | 4 5 |  5.2
Fighting       | |  3.6
Armour         | |  2.4
Dodging        | |  2.1

Action                   || total
-------------------------++-------
Melee: Hand axe          ||    57
       Headbutt          ||     5
  Use: Scroll            ||     1
Armor: Animal skin       ||     3
       Leather armour    ||     4
Dodge: Dodged            ||    48
